 Dungeon Crawl Stone Soup version 0.30-a0-283-gf371ce1921 (webtiles) character file.

Game seed: 7658310674820712927

8 MrRokkomies the Sneak (level 2, -5/26 HPs)
             Began as an Armataur Delver on Oct 17, 2022.
             Slain by an iguana (10 damage)
             ... on level 5 of the Dungeon.
             The game lasted 00:00:51 (70 turns).

MrRokkomies the Sneak (Armataur Delver)               Turns: 70, Time: 00:00:52

Health: -5/26      AC:  4    Str: 17    XL:     2   Next: 0%
Magic:  2/2        EV:  9    Int: 10    God:
Gold:   0          SH:  0    Dex: 11    Spells: 1/1 levels left

rFire   . . .      SeeInvis .    h - +0 morningstar
rCold   . . .      Faith    .    (no shield)
rNeg    . . .      Spirit   .    b - +0 leather armour
rPois   .          Reflect  .    (no helmet)
rElec   .          Harm     .    (no cloak)
rCorr   .          Roll     +    (no gloves)
Will    .....                    (no barding)
Stlth   +++.......               (no amulet)
HPRegen 0.24/turn                (no ring)
MPRegen 0.08/turn                (no ring)

@: no status effects
A: large, rugged brown scales 3, deformed body, armoured tail, roll, long
tongue, awkward tongue
a: no special abilities


You were on level 5 of the Dungeon.
You visited 1 branch of the dungeon, and saw 1 of its levels.

Inventory:

Hand Weapons
 a - a +0 mace
 h - a +0 morningstar (weapon)
Armour
 b - a +0 leather armour (worn)
Wands
 g - a wand of digging (3)
Scrolls
 c - a scroll of fog
 d - a scroll of magic mapping
 e - a scroll of fear
Potions
 f - a potion of haste


   Skills:
 * Level 2.9 Fighting
 - Level 1.8 Maces & Flails
 * Level 0.6 Armour
 + Level 1.5 Dodging
 - Level 5.5 Stealth


You had one spell level left.
You didn't know any spells.
Your spell library was empty.

Dungeon Overview and Level Annotations

Branches:
Dungeon (5/15)
 Temple: D:4-7

Altars:


Innate Abilities, Weirdness & Mutations

You are completely covered in rugged brown scales. (AC +3, +7% HP)
Armour fits poorly on your strangely shaped body.
You have a long armoured tail.
You roll when moving toward enemies. (Rampage)
Your long tongue fully drains potion bottles. (2x potion effects)
Your tongue gives you trouble enunciating. (1.5x scroll delay)


Message History

You closely miss the orc.
Your tail-slap misses the orc.
The orc barely misses you. x2; The orc hits you but does no damage.
You closely miss the orc. The orc hits you with a +0 whip. x2
You closely miss the orc. You tail-slap the orc!
You kill the orc!
The orc hits you but does no damage. The orc misses you.
The orc barely misses you.
You closely miss the orc. You tail-slap the orc.
The orc is almost dead.
The orc barely misses you. The orc completely misses you.
The orc attacks as you move away! The orc hits you with a +0 whip.
The orc attacks as you move away! The orc hits you with a +0 whip.
You closely miss the orc. The orc barely misses you.
A scorpion comes into view.
You barely miss the orc.
The orc is almost dead.
The orc hits you with a +0 club.
You sock the orc!
You kill the orc!
You closely miss the orc.
Your tail-slap misses the orc.
The orc completely misses you. The orc hits you but does no damage.
The iguana hisses angrily.
You sock the orc!
You kill the orc!
You have reached level 2!
You barely miss the scorpion. The scorpion stings you.
The scorpion stings you but does no damage.
You hit the scorpion.
The scorpion is lightly wounded.
The scorpion closely misses you.
The scorpion stings you but does no damage.
You puncture the scorpion!
The scorpion is severely wounded.
The scorpion barely misses you.
You closely miss the scorpion.
The scorpion is severely wounded.
The scorpion stings you.
* * * LOW HITPOINT WARNING * * *
The iguana bites you!
You die...

.# #. # ..##..# #.. #
#.#..#..###.##.
..#..#......#..
......###..#.#
#..#........############
#...##........##........
#.#....# #...l@s........
###....###
##.####.)...... .....#.#
###.# #.)...... ...###.#
#>..# #........ ####
#.####.### #........ #
#......# #.......7
####..## #.......7 ####
######..7 ..7


You could see a scorpion and an iguana.

Vanquished Creatures
  4 orcs (D:5)
4 creatures vanquished.

Notes
Turn   | Place    | Note
-------+----------+-------------------------------------------
     0 | D:5      | MrRokkomies the Armataur Delver began the quest for the
                  | Orb.
     0 | D:5      | Reached XP level 1. HP: 19/19 MP: 1/1
    38 | D:5      | Noticed an iguana
    62 | D:5      | Noticed a scorpion
    67 | D:5      | Reached XP level 2. HP: 11/26 MP: 2/2
    70 | D:5      | Slain by an iguana

Illustrated notes

Levels and vault maps discovered:
D:5:      minmay_diamond_boxcup, layout_rooms, nrook_campfire

Action                   || total
-------------------------++-------
Melee: Morningstar       ||    14
       Tailslap          ||     3
Armor: Leather armour    ||     5
Dodge: Dodged            ||    10

Table legend: (Time is in decaauts)
 A = Elapsed time spent in this place.
 B = Non-inter-level travel time spent in this place.
 C = Inter-level travel time spent in this place.
 D = Time resting spent in this place.
 E = Time spent auto-exploring this place.
 F = Levels seen in this place.
 G = Mean time per level.
                   A        B        C        D        E       F      G
               +--------+--------+--------+--------+--------+-----+--------+
         Total |     75 |     75 |      0 |      0 |     31 |   1 |   75.0 |
       Dungeon |     75 |     75 |      0 |      0 |     31 |   1 |   75.0 |
               +--------+--------+--------+--------+--------+-----+--------+

Top non-repeatable levels by time:
     D:5: 75 daAuts
